 Dungeon Crawl Stone Soup version 0.22-a0-51-g1bb26a1 (webtiles) character file.

3610 galech the Grappler (level 9, 0/83 (85) HPs)
             Began as a Troll Monk on Jan 9, 2018.
             Was a Believer of Okawaru.
             Slain by an orc warrior
             ... wielding a +2 glaive of chopping
              (10 damage)
             ... on level 8 of the Dungeon.
             The game lasted 00:13:07 (5413 turns).

galech the Grappler (Troll Monk)                    Turns: 5413, Time: 00:13:07

HP:   0/83 (85)     AC:  3    Str: 24    XL:     9   Next: 86%
MP:   7/7           EV: 13    Int:  9    God:    Okawaru [**....]
Gold: 468           SH:  0    Dex: 12    Spells: 8/8 levels left

rFire    + . .     SeeInvis .   E - +10 mace of Lodigepp {vamp, Int+3}
rCold    . . .     Gourm    +   (no shield)
rNeg     . . .     Faith    .   (armour restricted)
rPois    .         Spirit   .   (helmet restricted)
rElec    .         Reflect  .   (no cloak)
rCorr    .         Harm     .   (gloves unavailable)
MR       .....                  (boots unavailable)
Stlth    ++........             p - amulet of regeneration
HPRegen  1.03/turn              w - ring of protection from fire
MPRegen  0.10/turn              y - +1 ring of evasion

@: no status effects
A: large, unfitting armour, claws 3, fast metabolism 3, gourmand, low mp 1,
regeneration 1, shaggy fur 1, tough skin 2, wild magic 1
a: Heroism, Renounce Religion


You were on level 8 of the Dungeon.
You worshipped Okawaru.
Okawaru was pleased with you.
You were full.

You visited 2 branches of the dungeon, and saw 9 of its levels.
You also visited: Ossuary.

You collected 468 gold pieces.

Inventory:

Hand Weapons
 E - the +10 mace of Lodigepp (weapon) {vamp, Int+3}
   (You found it on level 8 of the Dungeon)

   It inflicts no extra harm, but heals its wielder when it wounds a living foe.
   It affects your intelligence (+3).
Armour
 a - a +0 robe
 e - a +0 robe of magic resistance
 F - a cursed +0 robe
Jewellery
 h - an uncursed ring of magical power
 p - an amulet of regeneration (around neck)
 s - an uncursed ring of flight
 w - a ring of protection from fire (left claw)
 y - a +1 ring of evasion (right claw)
 C - an uncursed ring of protection from cold
Wands
 n - a wand of random effects (129)
 x - a wand of iceblast (6)
 A - a wand of flame (16)
Scrolls
 c - 6 scrolls of teleportation
 d - 2 scrolls of enchant weapon
 k - 5 scrolls of enchant armour
 l - 2 scrolls of remove curse
 m - 6 scrolls of fog
 r - a scroll of fear
 u - a scroll of random uselessness
 v - 2 scrolls of amnesia
 B - a scroll of noise
Potions
 f - 3 potions of invisibility {unknown}
 g - 3 potions of heal wounds
 i - 3 potions of curing {unknown}
 j - 2 potions of magic {unknown}
 o - 2 potions of agility {unknown}
 z - a potion of might
 D - 2 potions of lignification {unknown}
Books
 q - a book of Conjurations

   Spells                             Type                      Level
   a - Magic Dart                     Conjuration                  1
   b - Searing Ray                    Conjuration                  2
   c - Dazzling Spray                 Conjuration/Hexes            3
   d - Fulminant Prism                Conjuration/Hexes            4
   e - Force Lance                    Conjuration/Translocation    4
   f - Iskenderun's Mystic Blast      Conjuration                  4
Comestibles
 b - 16 rations


   Skills:
 + Level 4.4 Fighting
 + Level 1.6 Maces & Flails
 + Level 5.6 Dodging
 + Level 3.8 Stealth
 + Level 10.5 Unarmed Combat


You had 8 spell levels left.
You didn't know any spells.

Dungeon Overview and Level Annotations

Branches:
Dungeon (8/15)             Temple (1/1) D:6
   Lair: D:8-11

Altars:
Ashenzari
Dithmenos
Elyvilon
Fedhas
Gozag
Hepliaklqana
Makhleb
Nemelex Xobeh
Okawaru
Ru
Sif Muna
Uskayaw
Vehumet
Wu Jian
Xom
Yredelemnul
Zin
The Shining One
Lugonu


Innate Abilities, Weirdness & Mutations

You are too large for most types of armour.
You have claws for hands.
Your metabolism is lightning-fast.
You like to eat raw meat.
Your natural rate of healing is unusually fast.
You are covered in fur. (AC +1)
You have very tough skin. (AC +2)
Your magical capacity is low. (-10% MP)
Your spells are a little harder to cast, but a little more powerful.


Message History

The howler monkey is severely wounded.
The howler monkey hoots and howls with incredible vigour!
The orc warrior closely misses you.
You closely miss the howler monkey.
The howler monkey is severely wounded.
The howler monkey hits you. The orc warrior misses you.
The howler monkey completely misses you.
You thump the howler monkey!
You kill the howler monkey!
Okawaru accepts your kill.
The howler monkey hoots and howls with incredible vigour!
The orc warrior hits you from afar with a glaive of chopping!
Items here: [ †††† a leather armour; a howler monkey corpse; an orc corpse; a howler monkey corpse a bullfrog corpse You hit the orc warrior but do no damage.
The orc warrior completely misses you. The howler monkey hits you.
The orc warrior hits you with a glaive of chopping!!
* * * LOW HITPOINT WARNING * * *
You die...

#..........###
#.......[....#
#..........#..#
#####....####.#
####..##..# .# ##
#....####.# # ..# #....#
#.# #.# #....# #h#
..##### # #....# #@#
#.!... . #...## #o#
#...####. #...# #l##
###........ ##.#### #oZ#
###.o.# #.#
#....####.###hFh#.# #.#
####......##.†###.#####<#
######...F## #h##.....
#..### #h##.##.# .....#
####.##.#...


You could see an orc warrior, a howler monkey, an orc priest, a leopard gecko
and a hound skeleton.

Vanquished Creatures
  2 wraiths (Ossuary)
  2 orc warriors (D:7)
  An ice beast (D:8)
  A sky beast (D:6)
  A necrophage (D:7)
  5 ogres
  3 phantoms
  2 centaurs (D:7)
  8 bullfrogs
  A water moccasin skeleton (D:6)
  2 scorpions
  5 howler monkeys
  3 wights (Ossuary)
  2 bullfrog zombies
  4 crimson imps
  2 hounds
  A jelly (D:5)
  A bullfrog skeleton (D:4)
  3 orc priests
  6 orc wizards
  A gnoll shaman (D:5)
  2 iguanas
  3 worker ants
  A hound zombie (D:6)
  A hound skeleton (D:5)
  A worker ant zombie (D:5)
  Robin (D:4)
  4 gnolls
  8 adders
  2 shadow imps
  An adder zombie (Ossuary)
  2 adder skeletons
  2 worms
  A dart slug (D:3)
  4 leopard geckos
  19 orcs
  A ball python (D:2)
  7 giant cockroaches
  18 goblins
  9 hobgoblins
  3 jackals (D:7)
  8 kobolds
  4 quokkas
  A ball python skeleton (Ossuary)
  11 bats
  5 frilled lizards
  A hobgoblin skeleton (Ossuary)
  2 hobgoblin zombies (Ossuary)
  A jackal zombie (D:3)
  2 kobold zombies (Ossuary)
  4 leopard gecko skeletons
  An orc skeleton (Ossuary)
  A quokka skeleton (D:4)
  A quokka zombie (D:5)
  4 rats
192 creatures vanquished.

Notes
Turn   | Place    | Note
-------+----------+-------------------------------------------
     0 | D:1      | galech the Troll Monk began the quest for the Orb.
     0 | D:1      | Reached XP level 1. HP: 22/22 MP: 0/0
   173 | D:1      | Reached XP level 2. HP: 27/29 MP: 1/1
   667 | D:2      | Reached XP level 3. HP: 36/36 MP: 2/2
   692 | D:2      | Reached skill level 4 in Unarmed Combat
   692 | D:2      | Reached XP level 4. HP: 18/44 MP: 3/3
  1240 | D:2      | Found a hide-covered altar of Uskayaw.
  1309 | D:2      | Found a shimmering altar of Xom.
  1440 | D:3      | Reached XP level 5. HP: 47/50 MP: 4/4
  1525 | D:2      | Reached skill level 5 in Unarmed Combat
  1617 | D:3      | Found a shattered altar of Ashenzari.
  1744 | D:3      | Reached XP level 6. HP: 54/59 MP: 5/5
  1771 | D:3      | Found an ornate altar of the Wu Jian Council.
  2470 | D:4      | Reached skill level 6 in Unarmed Combat
  2518 | D:4      | Reached XP level 7. HP: 53/66 MP: 6/6
  2550 | D:4      | Noticed Robin
  2580 | D:4      | Killed Robin
  2828 | D:5      | Entered Level 5 of the Dungeon
  2919 | D:5      | Reached skill level 7 in Unarmed Combat
  2932 | D:5      | Gained mutation: You are somewhat resistant to further mutation. [potion of mutation]
  3331 | D:6      | Reached XP level 8. HP: 35/75 MP: 7/7
  3339 | D:6      | Lost mutation: You are somewhat resistant to further mutation. [potion of mutation]
  3339 | D:6      | Gained mutation: You are resistant to hostile enchantments. (MR+) [potion of mutation]
  3339 | D:6      | Gained mutation: You are resistant to electric shocks. (rElec) [potion of mutation]
  3340 | D:6      | Lost mutation: You are resistant to hostile enchantments. (MR+) [potion of mutation]
  3340 | D:6      | Lost mutation: You are resistant to electric shocks. (rElec) [potion of mutation]
  3340 | D:6      | Gained mutation: Your magical capacity is low. (-10% MP) [potion of mutation]
  3340 | D:6      | Gained mutation: Your spells are a little harder to cast, but a little more powerful. [potion of mutation]
  3427 | D:5      | Reached skill level 8 in Unarmed Combat
  4029 | D:6      | Reached skill level 9 in Unarmed Combat
  4204 | D:6      | Found a staircase to the Ecumenical Temple.
  4213 | Temple   | Entered the Ecumenical Temple
  4287 | D:7      | Found a sand-covered staircase.
  4296 | Ossuary  | Entered an ossuary
  4417 | Ossuary  | Noticed a flying skull
  4428 | Ossuary  | Noticed a flying skull
  4448 | Ossuary  | Noticed a flying skull
  4464 | Ossuary  | Reached skill level 5 in Dodging
  4464 | Ossuary  | Reached XP level 9. HP: 77/84 MP: 7/7
  4785 | D:7      | Found a burning altar of Makhleb.
  4785 | D:7      | Found an iron altar of Okawaru.
  4786 | D:7      | Found a deep blue altar of Sif Muna.
  4787 | D:7      | Found an opulent altar of Gozag.
  4789 | D:7      | Found a radiant altar of Vehumet.
  4789 | D:7      | Found a glowing silver altar of Zin.
  4790 | D:7      | Found a shadowy altar of Dithmenos.
  4794 | D:7      | Became a worshipper of Warmaster Okawaru
  4794 | D:7      | Reached * piety under Okawaru
  4794 | D:7      | Reached ** piety under Okawaru
  4858 | D:7      | Found a white marble altar of Elyvilon.
  4867 | D:7      | Reached skill level 10 in Unarmed Combat
  5242 | D:8      | Noticed a two-headed ogre
  5287 | D:8      | Got a steaming mace
  5299 | D:8      | Identified the +10 mace of Lodigepp {vamp, Int+3} (You found it on level 8 of the Dungeon)
  5394 | D:8      | Reached skill level 1 in Maces & Flails
  5413 | D:8      | Slain by an orc warrior

Vault maps used:
D:1:      dpeg_arrival_rhombus
D:2:      lemuel_round_altar, xom_butterflies
D:3:      old_standard_altar, nicolae_overflow_crystal_walls, first_ration,
          kennysheep_generic_room_10
D:4:      kennysheep_potato, uniq_robin
D:6:      temple_hall, minmay_checkerbox
D:7:      old_standard_altar, grunt_temple_overflow_open,
          lightli_ossuary_entry_decrepit_ruins
D:8:      amethyst_overflow_temple_binary
Temple:   corrupted_temple
Ossuary:  ossuary_due_cavern

Skill      XL: |  1  2  3  4  5  6  7  8  9 |
---------------+----------------------------+-----
Dodging        | 3 4 5 |  5.6
Unarmed Combat | 4 5 6 7 9 10 | 10.5
Fighting       | 3 4 |  4.4
Stealth        | 2 3 |  3.8
Maces & Flails | 1 |  1.6

Action                   |  1- 3 |  4- 6 |  7- 9 || total
-------------------------+-------+-------+-------++-------
Melee: Unarmed           |    64 |   144 |   301 ||   509
       Punch             |     1 |     2 |    18 ||    21
       Mace              |       |       |    41 ||    41
  Use: Scroll            |       |       |    17 ||    17
       Potion            |       |       |     3 ||     3
 Stab: Sleeping          |     1 |     6 |    14 ||    21
  Eat: Chunk             |     9 |    20 |    28 ||    57
Armor: Robe              |    16 |    32 |    81 ||   129
       Skin              |       |       |     6 ||     6
Dodge: Dodged            |    40 |    72 |   211 ||   323

Table legend:
 A = Spawn XP
 B = Non-spawn XP
 C = Spawn XP percentage of total XP
 D = Spawn monster count
 E = Non-spawn monster count
 F = Spawn count percentage of total count
 G = Total turns spent on level
                    A         B        C        D         E        F      G
               +---------+---------+-------+---------+---------+-------+---------
         Total |       0 |    5158 |   0.0 |       0 |     192 |   0.0 |  5413
               +---------+---------+-------+---------+---------+-------+---------
           D:1 |       0 |      35 |   0.0 |       0 |      22 |   0.0 |   626
           D:2 |       0 |     219 |   0.0 |       0 |      21 |   0.0 |   874
           D:3 |       0 |     139 |   0.0 |       0 |      29 |   0.0 |   807
           D:4 |       0 |     620 |   0.0 |       0 |      30 |   0.0 |   676
           D:5 |       0 |     782 |   0.0 |       0 |      24 |   0.0 |   653
           D:6 |       0 |     716 |   0.0 |       0 |      19 |   0.0 |   607
           D:7 |       0 |    1097 |   0.0 |       0 |      20 |   0.0 |   684
           D:8 |       0 |     938 |   0.0 |       0 |      14 |   0.0 |   176
       Ossuary |       0 |     612 |   0.0 |       0 |      13 |   0.0 |   267
               +---------+---------+-------+---------+---------+-------+---------
